[Event "*** SCC Grand Prix: Titled Tuesday Blitz"]
[Site "Chess.com"]
[Date "2020.07.14"]
[Round "3"]
[White "pavelalexandru07"]
[Black "margarita_2703"]
[Result "0-1"]
[WhiteElo "2133"]
[BlackElo "2379"]
[TimeControl "180+1"]
[EndTime "10:28:15 PDT"]
[Termination "margarita_2703 won by resignation"]

1. e4 Nf6 2. e5 Nd5 3. d4 d6 4.
Nf3 g6 5. Be2 Bg7 6. b3 O-O 7.
Bb2 Nf4 8. Bf1 c5 9. dxc5 dxe5 10. Qxd8 Rxd8 11. g3 Ne6 12. Nbd2 Nc6 13. Bb5 Nb4 14. O-O-O Nxa2+ 15. Kb1 Nb4 16. Nxe5 Nxc5 17. Ndf3 Bf5 18. Rxd8+ Rxd8 19. Bc4 Bxc2+ 20. Kc1 Bh6+ 21. Ng5 Bxg5+ 22. f4 Bf6 23. Nxf7 Bxb3 24. Nxd8+ Bxc4 25. Bxf6 exf6 26. Kd2 b5 27. Re1 Kf8 28. Kc3 a5 29. Kd4 Ncd3 30.
Re4 a4 31. Kc3 a3 32. Rxc4 bxc4 33. Ne6+ Ke7 34. Nd4 a2 0-1

[Event "*** SCC Grand Prix: Titled Tuesday Blitz"]
[Site "Chess.com"]
[Date "2020.07.14"]
[Round "3"]
[White "GjakanTati"]
[Black "exoticprincess"]
[Result "0-1"]
[WhiteElo "2584"]
[BlackElo "2786"]
[TimeControl "180+1"]
[EndTime "10:28:17 PDT"]
[Termination "exoticprincess won on time"]

1. d4 d5 2. c4 c6 3. Nf3 Nf6 4. cxd5 cxd5 5. Bf4 Nc6 6. Nc3 g6 7. e3 a6 8. Be2 Bg7 9. h3 O-O 10. O-O Bd7 11. Rc1 Rc8 12. Na4 Ne4 13. Qb3 e6 14. Nb6 Na5 15. Qb4 Rxc1 16. Rxc1 Nc6 17. Qb3 Qe7 18.
Nxd7 Qxd7 19. Qb6 Rc8 20. b4 Bf8 21. b5 Nxd4 22. exd4 Nc3 23. Bf1 axb5 24. Ne5 Qe8 25. Qxb7 b4 26. Ng4 Be7 27. Bh6 g5 28. Kh2 Rb8 29. Qa7 Ra8 30. Qc7 Qd8 31. Qxd8+ Bxd8 32. Rc2 Rxa2 33. Rxa2 Nxa2 34. Bd3 b3 35. h4 gxh4 36. Bd2 Bb6 37. Nf6+ Kg7 38. Nh5+ Kf8 39. Be3 b2 40. Nf6 Ke7 41. Nxh7 Nc3 42. Kh3 b1=Q 43. Bxb1 Nxb1 44.
Kxh4 Na3 45. Ng5 Nc2 46. Nf3 f6 47. Kg4 Kf7 48. Kh5 Bc7 49. g4 Nxe3 50. fxe3 Bg3 51. g5 Bf2 52. gxf6 Kxf6 53. Ne5 Kf5 54. Ng4 Bg1 55.
Nh6+ Ke4 0-1

[Event "*** SCC Grand Prix: Titled Tuesday Blitz"]
[Site "Chess.com"]
[Date "2020.07.14"]
[Round "3"]
[White "Mikasinski"]
[Black "S2PAc"]
[Result "0-1"]
[WhiteElo "2492"]
[BlackElo "2742"]
[TimeControl "180+1"]
[EndTime "10:28:17 PDT"]
[Termination "S2PAc won by resignation"]

1. e4 e6 2. d4 d5 3. Nc3 Nc6 4.
e5 f6 5. Bb5 Bd7 6. exf6 Nxf6 7. Nf3 Bd6 8. O-O O-O 9. Re1 Qe8 10. Bxc6 Bxc6 11. Ne5 Bxe5 12. Rxe5 Qf7 13. Be3 Rae8 14. Qf3 Qg6 15. Rg5 Qxc2 16. Qg3 Rf7 17. Bf4 h6 18. Re5 Qxb2 19. Rb1 Qc2 20. Rbe1 Kh7 21. R5e2 Qf5 22. Bxc7 Nh5 23. Qe5 Nf4 24. Qxf4 Qxf4 25. Bxf4 Rxf4 26. Rxe6 Rxe6 27. Rxe6 Rxd4 28. Kf1 Rd2 29. Re2 Rd3 30. Rc2 d4 0-1

[Event "*** SCC Grand Prix: Titled Tuesday Blitz"]
[Site "Chess.com"]
[Date "2020.07.14"]
[Round "3"]
[White "MashaFromRussia"]
[Black "eljanov"]
[Result "0-1"]
[WhiteElo "2442"]
[BlackElo "2843"]
[TimeControl "180+1"]
[EndTime "10:28:18 PDT"]
[Termination "eljanov won by resignation"]

1. d4 Nf6 2. c4 e6 3. g3 Bb4+ 4.
Bd2 Be7 5. Nf3 d5 6. Bg2 O-O 7. O-O c6 8. Qc2 Nbd7 9. Rd1 a5 10. b3 a4 11. Nc3 a3 12. e4 dxe4 13. Nxe4 Nxe4 14.
Qxe4 Qb6 15. Bg5 Nf6 16. Qe2 h6 17. Bf4 Rd8 18. Ne5 Rxd4 19. Rxd4 Qxd4 20. Rd1 Qb6 21. Be3 Qa5 22. Bf4 Qb6 23. h4 Ra5 24. Ng4 Nxg4 25. Qxg4 Kf8 26. Qe2 Ra8 27. Qe4 Kg8 28. Bf1 Qc5 29.
Be5 f6 30. Bd4 Qf5 31. Qe3 e5 32. Bd3 Qg4 33. Bb6 Qxd1+ 0-1

[Event "*** SCC Grand Prix: Titled Tuesday Blitz"]
[Site "Chess.com"]
[Date "2020.07.14"]
[Round "3"]
[White "dosto07"]
[Black "Kopytkin"]
[Result "1-0"]
[WhiteElo "2225"]
[BlackElo "2453"]
[TimeControl "180+1"]
[EndTime "10:28:18 PDT"]
[Termination "dosto07 won on time"]

1. e4 c6 2. d4 d5 3. Nc3 dxe4 4.
Nxe4 Nf6 5. Nxf6+ gxf6 6. Nf3 Bg4 7. Be3 Nd7 8. g3 e5 9. Be2 Qa5+ 10. c3 O-O-O 11.
O-O h5 12. b4 Qc7 13. Nh4 exd4 14. Bxd4 Rg8 15. Bxg4 hxg4 16. Qa4 a6 17. Qc2 Rg5 18. a4 c5 19. Be3 Rh5 20. Qe2 Ne5 21. Bf4 Rxh4 22.
Bxe5 Qxe5 23. Qxe5 fxe5 24. gxh4 cxb4 25. cxb4 Bxb4 26. Rac1+ Kb8 27. Rfd1 Re8 28. Rd7 f5 29. Rcc7 Ba5 30. Rxb7+ Ka8 31. h5 Bc3 32. h6 e4 33.
h7 f4 34. Re7 Rxe7 35. Rxe7 e3 36. fxe3 f3 37. e4 1-0

[Event "*** SCC Grand Prix: Titled Tuesday Blitz"]
[Site "Chess.com"]
[Date "2020.07.14"]
[Round "3"]
[White "talaicito"]
[Black "manmanlai1"]
[Result "0-1"]
[WhiteElo "2177"]
[BlackElo "2463"]
[TimeControl "180+1"]
[EndTime "10:28:18 PDT"]
[Termination "manmanlai1 won on time"]

1. d4 d5 2. Bf4 c5 3. e3 Nc6 4. Nc3 cxd4 5. exd4 a6 6. Qd2 Bf5 7. a3 e6 8. f3 h6 9. g4 Bh7 10. Bd3 Bxd3 11. Qxd3 Nge7 12. Nge2 Ng6 13. Bg3 Bd6 14. O-O-O Qc7 15. Qe3 O-O-O 16. Bxd6 Qxd6 17. f4 Nge7 18. h4 h5 19. gxh5 Nf5 20. Qf3 Rh7 21.
Ng3 Nxg3 22. Qxg3 Rdh8 23. Ne2 Ne7 24. Rdg1 Nf5 25. Qc3+ Qc7 26. Qd3 Rxh5 27. c3 g6 28. Qf3 Kb8 29. Ng3 Nxh4 30. Qg4 R5h6 31. Ne2 Nf5 32.
Rxh6 Rxh6 33. Qg5 Rh2 34. Rg2 Rh1+ 0-1

[Event "*** SCC Grand Prix: Titled Tuesday Blitz"]
[Site "Chess.com"]
[Date "2020.07.14"]
[Round "3"]
[White "m_ezat"]
[Black "BlueWizzard"]
[Result "1-0"]
[WhiteElo "2554"]
[BlackElo "2753"]
[TimeControl "180+1"]
[EndTime "10:28:19 PDT"]
[Termination "m_ezat won by resignation"]

1. d4 Nf6 2. c4 Nc6 3. Nf3 d6 4. d5 Ne5 5. Nxe5 dxe5 6. Nc3 e6 7. e4 Bc5 8. Bg5 h6 9. Bh4 O-O 10. Be2 Bd4 11. O-O exd5 12. cxd5 Bxc3 13. bxc3 Qd6 14. Bd3 c6 15. c4 b6 16. Rc1 Bb7 17. Kh1 Nd7 18.
Qg4 Nc5 19. Bc2 cxd5 20. cxd5 Bc8 21. Qh5 Ba6 22. Rfd1 Rac8 23. Bg3 Nd7 24. Ba4 Rxc1 25. Rxc1 Qa3 26. Qd1 Nc5 27. Bc2 f6 28. f4 Bd3 29.
fxe5 fxe5 30. d6 Bxe4 31. Bxe4 Nxe4 32. d7 Qxg3 33. hxg3 Nf2+ 34. Kh2 Nxd1 35. Rc8 1-0

[Event "*** SCC Grand Prix: Titled Tuesday Blitz"]
[Site "Chess.com"]
[Date "2020.07.14"]
[Round "3"]
[White "Diego_FloresQ"]
[Black "Joshukid"]
[Result "1-0"]
[WhiteElo "2497"]
[BlackElo "2722"]
[TimeControl "180+1"]
[EndTime "10:28:19 PDT"]
[Termination "Diego_FloresQ won by resignation"]

1. e4 g6 2. d4 Bg7 3. Nc3 d5 4. exd5 Nf6 5. Bc4 Nbd7 6. Nge2 O-O 7. Nf4 Nb6 8. Bb3 a5 9. a3 Bg4 10. f3 Bf5 11. O-O a4 12. Ba2 h6 13. g4 Bc8 14.
h4 Ne8 15. Be3 Nd6 16. Qd3 Bd7 17. Rae1 Qc8 18. Bf2 Re8 19. Re2 Qd8 20. Rfe1 Rc8 21. Ne4 Bb5 22. Qd2 Bxe2 23. Qxe2 Nxe4 24. Qxe4 Qd6 25. c4 Nd7 26. g5 hxg5 27. hxg5 c6 28. c5 cxd5 29. Nxd5 Qa6 30. Nxe7+ Kf8 31. Bg3 Nf6 32. gxf6 Bxf6 33. Bd6 Bxe7 34. Bxe7+ Kg8 35. Qd5 Rxe7 36. Rxe7 1-0

[Event "*** SCC Grand Prix: Titled Tuesday Blitz"]
[Site "Chess.com"]
[Date "2020.07.14"]
[Round "3"]
[White "Joseacorrea"]
[Black "JoliyRoger"]
[Result "0-1"]
[WhiteElo "1941"]
[BlackElo "2262"]
[TimeControl "180+1"]
[EndTime "10:28:19 PDT"]
[Termination "JoliyRoger won by resignation"]

1. c4 c5 2. Nc3 Nf6 3. Nf3 e6 4. g3 Be7 5. Bg2 O-O 6. O-O Nc6 7. d4 cxd4 8. Nxd4 Ne5 9. b3 d6 10. Bb2 a6 11. Qd2 Qc7 12. Rac1 Re8 13. h3 Rb8 14. f4 Ng6 15. e4 Bf8 16. Kh2 b6 17. f5 Ne5 18. fxe6 fxe6 19. Qg5 h6 20. Qf4 Nd3 21.
Qd2 Nxc1 22. Qxc1 Bb7 23. Qe3 Qc5 24. Na4 Qc7 25. Ne2 Nd7 26. Nf4 b5 27. cxb5 axb5 28.
Rc1 Qd8 29. Nc3 b4 30. Nb5 Ne5 31. Nc7 Qd7 32. Nxe8 Rxe8 33. Bxe5 dxe5 34. Ng6 Bd6 35. Rf1 Ba6 36. Rf2 Qc7 37. Qf3 Qa7 38. Qg4 Qxf2 0-1

[Event "*** SCC Grand Prix: Titled Tuesday Blitz"]
[Site "Chess.com"]
[Date "2020.07.14"]
[Round "3"]
[White "elohunter1999"]
[Black "VladaSviridova"]
[Result "1-0"]
[WhiteElo "2455"]
[BlackElo "2114"]
[TimeControl "180+1"]
[EndTime "10:28:20 PDT"]
[Termination "elohunter1999 won by resignation"]

1. e4 e6 2. d4 d5 3. Nc3 Bb4 4.
e5 c5 5. a3 Bxc3+ 6. bxc3 Ne7 7. Qg4 O-O 8. Bd3 Nbc6 9. Bg5 Qc7 10. Nf3 Ng6 11. h4 c4 12. Bxg6 fxg6 13. h5 Qf7 14. Kd2 Qf5 15. Qg3 Bd7 16. h6 gxh6 17. Rxh6 b5 18.
Rah1 Rf7 19. Bf6 Rxf6 20. exf6 Qxf6 21. Rxh7 Be8 22. Qc7 Rd8 23. Rh8+ Qxh8 24. Rxh8+ Kxh8 25. Ne5 Ra8 26. Nxc6 Bxc6 27. Qxc6 Rf8 28. f3 Rf6 29. Qxb5 Kg7 30. Qb7+ Kh6 31. Qxa7 g5 32. Qe7 Kg6 33. a4 g4 34. Qxf6+ Kxf6 35. fxg4 1-0

[Event "*** SCC Grand Prix: Titled Tuesday Blitz"]
[Site "Chess.com"]
[Date "2020.07.14"]
[Round "3"]
[White "rududuyk"]
[Black "Alindsay211"]
[Result "0-1"]
[WhiteElo "2072"]
[BlackElo "2305"]
[TimeControl "180+1"]
[EndTime "10:28:20 PDT"]
[Termination "Alindsay211 won on time"]

1. e4 c5 2. Nc3 e6 3. Nf3 Nc6 4. d4 cxd4 5. Nxd4 Qc7 6. Nxc6 bxc6 7. Bd3 e5 8. O-O Nf6 9. f4 d6 10. f5 d5 11. exd5 cxd5 12. Re1 Bc5+ 13. Kh1 O-O 14. Bg5 Bb7 15. Bxf6 gxf6 16. Qh5 Kh8 17. Rad1 Rg8 18. Bf1 Rad8 19. Rd3 Rg7 20. Rh3 e4 21. Ne2 Bd6 22.
c3 Be5 23. Nd4 Qb6 24. Nb3 a5 25. Re2 a4 26. Nd4 Bxd4 27. cxd4 Qxd4 28. Rc2 Qe5 29. Rhc3 d4 30. Rc7 Bd5 31. R2c5 e3 32. h3 e2 33. Bxe2 Rxg2 0-1

[Event "*** SCC Grand Prix: Titled Tuesday Blitz"]
[Site "Chess.com"]
[Date "2020.07.14"]
[Round "3"]
[White "ENajer77"]
[Black "bazar-wokzal"]
[Result "0-1"]
[WhiteElo "2696"]
[BlackElo "2444"]
[TimeControl "180+1"]
[EndTime "10:28:21 PDT"]
[Termination "bazar-wokzal won on time"]

1. d4 Nf6 2. c4 Nc6 3. Nf3 e6 4.
a3 g6 5. Nc3 Bg7 6. e4 d5 7.
cxd5 exd5 8. e5 Ne4 9. Bb5 O-O 10. O-O Bg4 11. Bxc6 bxc6 12. h3 Bxf3 13. Qxf3 c5 14. dxc5 Nxc5 15. Nxd5 Bxe5 16. Bh6 Re8 17. Rad1 Qh4 18.
Be3 Ne6 19. Rfe1 Bxb2 20. Bc1 Bg7 21. Re4 Qh5 22. g4 Qh4 23. Kg2 c6 24. g5 Nxg5 25. Rxh4 Nxf3 26. Kxf3 cxd5 27. Rxd5 Rac8 28. Be3 Rc3 29.
Ra4 Bh6 30. Re4 Rxe4 0-1

[Event "*** SCC Grand Prix: Titled Tuesday Blitz"]
[Site "Chess.com"]
[Date "2020.07.14"]
[Round "3"]
[White "pedro_gines"]
[Black "Speshka"]
[Result "0-1"]
[WhiteElo "2437"]
[BlackElo "2169"]
[TimeControl "180+1"]
[EndTime "10:28:21 PDT"]
[Termination "Speshka won by resignation"]

1. d4 f5 2. Nf3 Nf6 3. g3 g6 4. Bg2 Bg7 5. O-O O-O 6. c4 d6 7.
Nc3 Qe8 8. d5 e5 9. dxe6 Bxe6 10. Nd4 Bc8 11. Qb3 c6 12. Bf4 Nh5 13. Rad1 Nxf4 14.
gxf4 Na6 15. Qc2 Bd7 16. e3 Rd8 17. Rd2 Bc8 18. Rfd1 Qe7 19. Bxc6 bxc6 20. Nxc6 Qc7 21. Nxd8 Rxd8 22. Nb5 Qa5 23. Rxd6 Rxd6 24. Nxd6 Be6 25. a3 Bf8 26. b4 Qxa3 27. c5 Qxb4 28. Qc1 Nxc5 29. h4 Nb3 30. Qc7 Qc5 31. Qxc5 Nxc5 32. Nb5 a5 33. Ra1 a4 34. Kf1 Bc4+ 35. Ke1 Bxb5 0-1

[Event "*** SCC Grand Prix: Titled Tuesday Blitz"]
[Site "Chess.com"]
[Date "2020.07.14"]
[Round "3"]
[White "Alohamora11"]
[Black "volcanoexplorer"]
[Result "1-0"]
[WhiteElo "2412"]
[BlackElo "2570"]
[TimeControl "180+1"]
[EndTime "10:28:22 PDT"]
[Termination "Alohamora11 won on time"]

1. e4 e5 2. Nf3 Nc6 3. Bb5 a6 4. Ba4 Nf6 5. Bxc6 dxc6 6. d3 Bd6 7. Nbd2 O-O 8. Nc4 Nd7 9. h4 f5 10. exf5 Rxf5 11. Qe2 Rf8 12. Bg5 Qe8 13. O-O-O b5 14. Ne3 Nc5 15. h5 h6 16. Bh4 Ne6 17. Bg3 Nd4 18.
Qd2 Nxf3 19. gxf3 Rxf3 20. Rdg1 Qf7 21. Kb1 Be6 22. a3 a5 23. Qc3 b4 24. Qxc6 Rb8 25. a4 b3 26. c4 Bd7 27. Qe4 Re8 28. Rh2 Bxa4 29. Rhg2 Bf8 30. Bxe5 Bc6 31. Nd5 Bxd5 32. cxd5 Rf5 33. d4 Re7 34. f4 Kh7 35. Rg6 1-0

[Event "*** SCC Grand Prix: Titled Tuesday Blitz"]
[Site "Chess.com"]
[Date "2020.07.14"]
[Round "3"]
[White "Zufi1811"]
[Black "politeplayer"]
[Result "0-1"]
[WhiteElo "2450"]
[BlackElo "2215"]
[TimeControl "180+1"]
[EndTime "10:28:23 PDT"]
[Termination "politeplayer won on time"]

1. e4 c5 2. Nf3 d6 3. d4 cxd4 4. Nxd4 Nf6 5. Nc3 g6 6. Be3 Bg7 7. f3 O-O 8. Qd2 Nc6 9. O-O-O Bd7 10. g4 Rc8 11. h4 Qa5 12. Nb3 Qc7 13. h5 Ne5 14. hxg6 Nxf3 15. Qg2 Bxg4 16. gxh7+ Kh8 17. Nd5 Nxd5 18. Rxd5 Ne1 19. Qd2 Nxc2 20. Bc5 dxc5 21. Qxc2 e6 22. Rd2 c4 23. Nd4 c3 24. bxc3 Qf4 25.
Kb2 Rfd8 26. Rf2 Qe5 27. Nb5 a6 28. Rh4 axb5 29. Rxg4 Rxc3 0-1

[Event "*** SCC Grand Prix: Titled Tuesday Blitz"]
[Site "Chess.com"]
[Date "2020.07.14"]
[Round "3"]
[White "Eternauta2400"]
[Black "BogdanDeac"]
[Result "1-0"]
[WhiteElo "2670"]
[BlackElo "2795"]
[TimeControl "180+1"]
[EndTime "10:28:25 PDT"]
[Termination "Eternauta2400 won on time"]

1. c4 e6 2. g3 d5 3. Bg2 Nf6 4. Nf3 Be7 5. O-O O-O 6. d4 dxc4 7.
Qc2 b6 8. Ne5 Qxd4 9. Bxa8 Qxe5 10. Bg2 Nd5 11. Nc3 Na6 12. a3 c6 13. e4 Nxc3 14.
bxc3 Nc5 15. Bf4 Qh5 16. e5 Nd3 17. Qd2 Rd8 18. Rad1 c5 19. h3 f6 20. g4 Qg6 21.
Qe3 f5 22. gxf5 exf5 23. Bg3 Be6 24. f4 Bd5 25. Bxd5+ Rxd5 26. Kh2 Qe6 27. Rd2 b5 28. Rg1 a5 29. Rdg2 Bf8 30. Bh4 b4 31. Bf6 Rd7 32. axb4 axb4 33. Qf3 g6 34. Rxg6+ hxg6 35. Rxg6+ Bg7 36.
Qa8+ Kh7 37. Bxg7 1-0

[Event "*** SCC Grand Prix: Titled Tuesday Blitz"]
[Site "Chess.com"]
[Date "2020.07.14"]
[Round "3"]
[White "XDPS"]
[Black "Orest_Vovk"]
[Result "0-1"]
[WhiteElo "2686"]
[BlackElo "2437"]
[TimeControl "180+1"]
[EndTime "10:28:25 PDT"]
[Termination "Orest_Vovk won on time"]

1. e4 g5 2. d4 g4 3. Qxg4 d5 4. Qe2 dxe4 5. Qxe4 Nf6 6. Qd3 Nc6 7. c3 Qd5 8. Qf3 Bf5 9. Qxd5 Nxd5 10. Nf3 O-O-O 11.
Be2 Rg8 12. g3 f6 13. O-O e5 14. dxe5 fxe5 15. Nh4 Bh3 16. Re1 Bc5 17. Nd2 Nf6 18. Nc4 Ng4 19. Bxg4+ Rxg4 20. Ne3 Bxe3 21. fxe3 Rxh4 22.
gxh4 e4 23. Kf2 Rf8+ 24. Ke2 Bg4+ 25. Kd2 Rf2+ 0-1

[Event "*** SCC Grand Prix: Titled Tuesday Blitz"]
[Site "Chess.com"]
[Date "2020.07.14"]
[Round "3"]
[White "lucachess49"]
[Black "SzMM19"]
[Result "1-0"]
[WhiteElo "2415"]
[BlackElo "2567"]
[TimeControl "180+1"]
[EndTime "10:28:25 PDT"]
[Termination "lucachess49 won by checkmate"]

1. d4 Nf6 2. c4 e6 3. Nc3 Bb4 4.
e3 b6 5. Ne2 Ne4 6. Qc2 Bb7 7. a3 Bxc3+ 8. Nxc3 Nxc3 9. Qxc3 O-O 10. f3 a5 11. Bd3 d6 12. O-O Nd7 13. b3 Qe7 14. Bb2 e5 15. d5 f5 16. Bc2 g6 17. b4 h5 18. f4 Kh7 19. Ba4 Rfe8 20. e4 fxe4 21. fxe5 dxe5 22. Qh3 Red8 23.
Qe6 Qxe6 24. dxe6 c6 25. Rf7+ Kh6 26. exd7 axb4 27. Raf1 h4 28. Bc1+ Kh5 29. Bd1# 1-0

[Event "*** SCC Grand Prix: Titled Tuesday Blitz"]
[Site "Chess.com"]
[Date "2020.07.14"]
[Round "3"]
[White "BabyFacedAssasin"]
[Black "profofchess"]
[Result "0-1"]
[WhiteElo "2225"]
[BlackElo "2479"]
[TimeControl "180+1"]
[EndTime "10:28:26 PDT"]
[Termination "profofchess won by resignation"]

1. e4 e6 2. d4 d5 3. Bd3 dxe4 4. Bxe4 Nf6 5. Bf3 Bd6 6. Ne2 Nbd7 7. Ng3 e5 8. O-O O-O 9. Nc3 Re8 10. Nf5 e4 11. Nxd6 cxd6 12. Be2 Nf8 13. Bg5 Ng6 14. f3 e3 15. Nd5 h6 16. Nxf6+ gxf6 17. Bxh6 f5 18. Qd3 f4 19. g3 Qf6 20. Bxf4 Nxf4 21. gxf4 Bh3 22.
Kh1 Bxf1 23. Rxf1 Kh8 24. f5 Re7 25. f4 Qh4 26. Rf3 Rg8 27. f6 Re6 28. Bf1 e2 29. Rh3 e1=Q 30. Rxh4+ Qxh4 31. Qf3 Rxf6 0-1

[Event "*** SCC Grand Prix: Titled Tuesday Blitz"]
[Site "Chess.com"]
[Date "2020.07.14"]
[Round "3"]
[White "anon569"]
[Black "VladimirBugayev"]
[Result "0-1"]
[WhiteElo "2307"]
[BlackElo "2119"]
[TimeControl "180+1"]
[EndTime "10:28:26 PDT"]
[Termination "VladimirBugayev won on time"]

1. e4 c6 2. d4 d5 3. Nd2 dxe4 4. Nxe4 Nf6 5. Nxf6+ exf6 6. Be3 Bd6 7. Qd2 O-O 8.
Bd3 Na6 9. a3 Nc7 10. c4 Re8 11.
Ne2 Be6 12. O-O b5 13. d5 bxc4 14. dxe6 cxd3 15. exf7+ Kxf7 16. Nc1 Nd5 17. Nxd3 Nxe3 18. fxe3 Qc7 19. Nf4 Rad8 20. Qc3 Qe7 21. Rae1 Qe4 22.
Qb3+ Kf8 23. Nh3 Rb8 24. Qa2 Qe5 25. Nf4 Rxb2 26. Qc4 g5 27. Qxc6 gxf4 28. exf4 Qc5+ 0-1

[Event "*** SCC Grand Prix: Titled Tuesday Blitz"]
[Site "Chess.com"]
[Date "2020.07.14"]
[Round "3"]
[White "czasnaszachy"]
[Black "Klaus1995"]
[Result "0-1"]
[WhiteElo "2226"]
[BlackElo "1882"]
[TimeControl "180+1"]
[EndTime "10:28:26 PDT"]
[Termination "Klaus1995 won by checkmate"]

1. d4 Nf6 2. c4 e6 3. Nc3 c5 4. d5 exd5 5. cxd5 d6 6. e4 g6 7. Bd3 Bg7 8. h3 a6 9. Nf3 b5 10. O-O O-O 11. Bg5 Re8 12. Qd2 Qc7 13. Rac1 b4 14. Bxf6 Bxf6 15. Ne2 Nd7 16. b3 a5 17. Ng3 Ba6 18. Bxa6 Rxa6 19. Rfe1 Bc3 20. Qd3 Bxe1 21. Qxa6 Bc3 22. Qb5 Nf6 23. Rc2 Rb8 24. Qc4 Qe7 25. Re2 Re8 26. Ne1 Qb7 27. Nd3 h5 28. f3 h4 29. Nf1 Nxd5 30. Rc2 Bd4+ 31.
Kh1 Ne3 32. Nxe3 Bxe3 33. Re2 Bd4 34. Nf4 Qd7 35. Nd5 a4 36. Nf4 axb3 37. axb3 Ra8 38. Qd5 Ra1+ 39. Kh2 Bg1+ 40. Kh1 Bf2+ 41. Kh2 Bg3# 0-1

[Event "*** SCC Grand Prix: Titled Tuesday Blitz"]
[Site "Chess.com"]
[Date "2020.07.14"]
[Round "3"]
[White "Natalya_Buksa"]
[Black "Nastya_Rakhmangulova"]
[Result "1-0"]
[WhiteElo "2528"]
[BlackElo "2338"]
[TimeControl "180+1"]
[EndTime "10:28:27 PDT"]
[Termination "Natalya_Buksa won by checkmate"]

1. d4 d5 2. Nc3 Nf6 3. Bf4 Bf5 4. e3 e6 5. Nf3 Bd6 6. Ne5 Nbd7 7. g4 Bg6 8. h4 Bb4 9. a3 Bxc3+ 10. bxc3 h5 11.
Nxg6 fxg6 12. Bd3 Nf8 13. g5 Ne4 14. Bxe4 dxe4 15. Qe2 c6 16. Be5 Rg8 17. Rb1 Qa5 18. Rxb7 Qxc3+ 19. Kf1 Nd7 20. Bd6 Rd8 21. Bb4 Qa1+ 22.
Kg2 Qa2 23. Rxa7 c5 24. Ba5 Rb8 25. Bc7 Rb2 26. Qa6 Ke7 27. Qd6+ Ke8 28. Ra8+ Kf7 29. Qxd7# 1-0

[Event "*** SCC Grand Prix: Titled Tuesday Blitz"]
[Site "Chess.com"]
[Date "2020.07.14"]
[Round "3"]
[White "dpopadic"]
[Black "LilRag"]
[Result "1/2-1/2"]
[WhiteElo "2334"]
[BlackElo "2509"]
[TimeControl "180+1"]
[EndTime "10:28:27 PDT"]
[Termination "Game drawn by repetition"]

1. e4 c5 2. Nc3 e6 3. d3 Nc6 4.
g4 d5 5. Bg2 Nge7 6. Nh3 dxe4 7.
Nxe4 Ng6 8. O-O Be7 9. Be3 Qa5 10. c3 Bd7 11. Qe2 O-O 12. Ng3 e5 13. Be4 Be6 14. Nf5 Rfe8 15. Kh1 Rad8 16. f3 Qb5 17. Rfd1 c4 18. dxc4 Bxc4 19. Qf2 Bd3 20. a4 Qa6 21. b4 Bxe4 22. fxe4 Qc4 23. Nxe7+ Ncxe7 24. Qf3 Qxc3 25. b5 Qc4 26. Rdc1 Qd3 27. Rd1 Qb3 28. Rdb1 Qe6 29. Ng5 Qc4 30. Rc1 Qb3 31. Rcb1 Qd3 32. Rd1 Qb3 33. Rdb1 Qc4 34. Rc1 Qb3 35. Rcb1 1/2-1/2

[Event "*** SCC Grand Prix: Titled Tuesday Blitz"]
[Site "Chess.com"]
[Date "2020.07.14"]
[Round "3"]
[White "SiddharthGMJagadeesh"]
[Black "KobyKalavannan"]
[Result "0-1"]
[WhiteElo "2502"]
[BlackElo "2750"]
[TimeControl "180+1"]
[EndTime "10:28:28 PDT"]
[Termination "KobyKalavannan won by resignation"]

1. Nf3 c5 2. c4 Nc6 3. g3 g6 4.
Bg2 Bg7 5. O-O d6 6. Nc3 e6 7. d3 Nge7 8. Bd2 O-O 9. Qc1 Re8 10. a3 b6 11. Rb1 Bb7 12. b4 Qd7 13. Bh6 Bh8 14. Qd2 Nf5 15. Bg5 h6 16. Bf4 g5 17.
Be3 Nxe3 18. fxe3 Rad8 19. Kh1 Qe7 20. e4 Nd4 21. Nxd4 cxd4 22. Nd1 d5 23. cxd5 exd5 24. Nf2 Rc8 25. Rbc1 Rc3 26. Rc2 Rec8 27. Rb2 dxe4 28.
Nxe4 Rf8 29. Rc2 Rxc2 30. Qxc2 f5 31. Nf2 Rc8 32. Qb3+ Kh7 33. Bxb7 Qxb7+ 34. Kg1 Qe7 35. Ne4 Rf8 36. Nd2 Qe3+ 37. Rf2 Qxd2 38. Qe6 Qe3 39. Qd7+ Bg7 40. Kg2 f4 41. g4 Qe8 42.
Qxa7 Qa8+ 0-1

[Event "*** SCC Grand Prix: Titled Tuesday Blitz"]
[Site "Chess.com"]
[Date "2020.07.14"]
[Round "3"]
[White "Sueetin"]
[Black "Larina_Marija"]
[Result "1-0"]
[WhiteElo "2336"]
[BlackElo "2108"]
[TimeControl "180+1"]
[EndTime "10:28:28 PDT"]
[Termination "Sueetin won by resignation"]

1. d4 f5 2. Nc3 Nf6 3. Bg5 d5 4. e3 e6 5. Nf3 c5 6. Bxf6 Qxf6 7.
Nb5 Qd8 8. c4 a6 9. Nc3 dxc4 10.
Bxc4 b5 11. Bb3 c4 12. Bc2 Bb7 13. O-O Bd6 14. e4 O-O 15. exf5 exf5 16. d5 Nd7 17. Nd4 Qh4 18. h3 Qf4 19. g3 Qe5 20. Re1 Qf6 21.
Re6 Qf7 22. Rxd6 Nc5 23. Ne6 Rfe8 24. Nxc5 Qc7 25. Nxb7 Qxb7 26. Bxf5 b4 27. Ne4 Qc7 28. Be6+ Kh8 29. Rd7 Qe5 30. Qg4 c3 31. bxc3 bxc3 32. Ng5 h6 33. Nf7+ Kh7 34. Nxe5 1-0

[Event "*** SCC Grand Prix: Titled Tuesday Blitz"]
[Site "Chess.com"]
[Date "2020.07.14"]
[Round "3"]
[White "chessfrendz"]
[Black "Vse_po_kaify"]
[Result "0-1"]
[WhiteElo "2257"]
[BlackElo "1999"]
[TimeControl "180+1"]
[EndTime "10:28:28 PDT"]
[Termination "Vse_po_kaify won by checkmate"]

1. d4 Nf6 2. Nf3 e6 3. Bf4 b6 4. e3 Bb7 5. Bd3 g6 6. O-O Bg7 7. Nbd2 O-O 8. Qe2 d6 9. e4 Nbd7 10. Ba6 Bxa6 11. Qxa6 Qe7 12. Rad1 c5 13. dxc5 Nxc5 14.
Qe2 h6 15. Nc4 e5 16. Bg3 Ncxe4 17. Bh4 g5 18. Bg3 Nxg3 19. hxg3 Rad8 20. Ne3 Qe6 21. c4 d5 22. cxd5 Nxd5 23. Nxd5 Rxd5 24. Rxd5 Qxd5 25. Rd1 Qc5 26. Rd7 Re8 27. Rxa7 e4 28. Ne1 e3 29. f3 Rd8 30. Kh2 Rd2 31. Qa6 Be5 32. Qb7 Qd5 33. Qc8+ Kg7 34. Qf5 Bxg3+ 35. Kxg3 Qxf5 36. Re7 Qf4+ 37. Kh3 Qh4# 0-1

[Event "*** SCC Grand Prix: Titled Tuesday Blitz"]
[Site "Chess.com"]
[Date "2020.07.14"]
[Round "3"]
[White "SantoBlue"]
[Black "ljuks68"]
[Result "0-1"]
[WhiteElo "2754"]
[BlackElo "2450"]
[TimeControl "180+1"]
[EndTime "10:28:29 PDT"]
[Termination "ljuks68 won by resignation"]

1. e4 e6 2. d4 d5 3. Nd2 Nf6 4.
e5 Nfd7 5. Bd3 c5 6. c3 Nc6 7. Ne2 cxd4 8. cxd4 f6 9. exf6 Qxf6 10. Nf3 h6 11. O-O Bd6 12. Nc3 O-O 13. Be3 Rd8 14.
Re1 Nf8 15. Rc1 Bd7 16. Bb5 Be8 17. h3 Bh5 18. g4 Be8 19. Bxc6 Bxc6 20. Ne5 Bxe5 21.
dxe5 Qh4 22. Bd4 Qxh3 23. Re3 Qh4 24. Qd3 Qxg4+ 25. Rg3 Qf5 26. Qe3 Ng6 27. Kh2 Nf4 28.
Rh1 Rf8 29. Kg1 Kh7 30. f3 b5 31. Bc5 Rf7 32. Ne2 Nxe2+ 33. Qxe2 d4 34. Rhh3 d3 35. Qe1 Rd8 36. Bd6 Bd5 37. Qd2 Rc8 38. Bb4 Rc2 39. Qe3 Re2 40. Qc1 Qxe5 41. Bd2 Rc7 42. Qd1 Rc2 43.
Bb4 Qe3+ 44. Kh1 Rc1 0-1

[Event "*** SCC Grand Prix: Titled Tuesday Blitz"]
[Site "Chess.com"]
[Date "2020.07.14"]
[Round "3"]
[White "korkmaz16"]
[Black "latixxa"]
[Result "1/2-1/2"]
[WhiteElo "2314"]
[BlackElo "2109"]
[TimeControl "180+1"]
[EndTime "10:28:29 PDT"]
[Termination "Game drawn by repetition"]

1. d4 Nf6 2. Nf3 d5 3. e3 c5 4. b3 e6 5. Bb2 Bd6 6. Bd3 Nbd7 7. O-O Qc7 8. Nbd2 O-O 9. c4 b6 10. Rc1 Bb7 11. cxd5 exd5 12. dxc5 bxc5 13. Qc2 h6 14. e4 d4 15. Nc4 Bf4 16. Ncd2 Rac8 17. g3 Bxd2 18.
Nxd2 Qd6 19. f4 Ng4 20. Nc4 Qe7 21. Rce1 Nb6 22. Qc1 Nxc4 23. Bxc4 Ne3 24. Rxe3 dxe3 25. Qc3 Qf6 26. Qxf6 gxf6 27. Bxf6 Bxe4 28. Re1 Rfe8 29. Rxe3 Bg6 30. Rf3 Re1+ 31. Kf2 Ra1 32. f5 Rxa2+ 33.
Ke3 Bh5 34. g4 Bxg4 35. Rg3 h5 36. h3 Re8+ 37. Kd3 Ree2 38. hxg4 Rad2+ 39. Kc3 Rc2+ 40. Kd3 Rcd2+ 41. Kc3 Rc2+ 42. Kd3 Rcd2+ 1/2-1/2